 Dungeon Crawl Stone Soup version 0.30-a0-140-gd1020e658a (webtiles) character file.

Game seed: 3139101276928712245

1601 melkoren the Trooper (level 8, -5/73 HPs)
             Began as a Pale Draconian Berserker on Sept 25, 2022.
             Was a Priest of Trog.
             Killed by divine providence
             ... invoked by an orc priest
              (11 damage)
             ... on level 6 of the Dungeon.
             The game lasted 00:17:11 (5382 turns).

melkoren the Trooper (Pale Draconian Berserker)     Turns: 5382, Time: 00:17:12

Health: -5/73      AC: 13    Str: 20    XL:     8   Next: 62%
Magic:  8/8        EV: 14    Int:  8    God:    Trog [***...]
Gold:   309        SH:  0    Dex: 12    Spells: 7/7 levels left

rFire   . . .      SeeInvis .    v - +0 broad axe
rCold   . . .      Faith    .    (no shield)
rNeg    . . .      Spirit   .    (body armour unavailable)
rPois   .          Reflect  .    (helmet restricted)
rElec   .          Harm     .    b - scarf {+Inv}
rCorr   .          Rampage  .    i - +2 pair of gloves
Will    .....                    (no boots)
Stlth   +.........               (no amulet)
HPRegen 0.22/turn                O - +4 ring of protection
MPRegen 0.11/turn                (no ring)

@: no status effects
A: breathe steam, AC +6, unfitting armour, cold-blooded, steam resistance, fangs
1, screaming 1
a: Breathe Steam, Renounce Religion, Evoke Invisibility, Berserk, Trog's Hand


You were on level 6 of the Dungeon.
You worshipped Trog.
Trog was most pleased with you.
You visited 1 branch of the dungeon, and saw 6 of its levels.

You collected 309 gold pieces.


Innate Abilities, Weirdness & Mutations

You can breathe blasts of scalding, opaque steam.
Your pale cyan-grey scales are hard. (AC +6)
You cannot fit into any form of body armour.
You are cold-blooded and may be slowed by cold attacks.
You are immune to the effects of steam.
You have very sharp teeth.
You occasionally shout uncontrollably at your foes.


   Skills:
 + Level 7.4 Fighting
 + Level 6.8 Axes
 + Level 6.2 Dodging
 + Level 2.7 Evocations


You had 7 spell levels left.
You didn't know any spells.
Your spell library contained the following spells:

 Spells                   Type           Power      Damage    Failure   Level
 Apportation              Tloc           0%         N/A       41%         1
 Necrotise                Necr           0%         1d4       41%         1
 Sting                    Tmut/Pois      0%         1d3       41%         1
 Summon Small Mammal      Summ           0%         N/A       41%         1
 Poisonous Vapours        Pois/Air       0%         N/A       54%         2
 Gell's Gravitas          Tloc           0%         N/A       78%         3
 Portal Projectile        Hex/Tloc       0%         N/A       78%         3
 Teleport Other           Tloc           0%         N/A       78%         3
 Tukima's Dance           Hex            0%         N/A       78%         3
 Olgreb's Toxic Radiance  Pois           0%         N/A       99%         4
 Alistair's Intoxication  Tmut/Pois      0%         N/A       100%        5
 Blade Hands              Tmut           0%         N/A       100%        5
 Dispersal                Tloc           0%         N/A       100%        6

Inventory:

Hand Weapons
 a - a +0 hand axe
 g - a +0 lajatang
   (You found it on level 1 of the Dungeon)
 n - a +2 scythe of venom
   (You took it off Sigmund on level 3 of the Dungeon)
 o - the +3 quarterstaff of Xoakeic {vamp, Str+2 Dex+4}
   (You took it off an orc on level 6 of the Dungeon)

   It occasionally heals its wielder for a portion of the damage dealt when it
   wounds a living foe.
   Str:       It affects your strength (+2).
   Dex:       It affects your dexterity (+4).
 v - a +0 broad axe (weapon)
   (You found it on level 5 of the Dungeon)
Missiles
 d - 34 stones (quivered)
 p - 6 atropa-tipped darts
 y - 5 poisoned darts
Armour
 b - a scarf of invisibility (worn)
   (You found it on level 2 of the Dungeon)
 i - a +2 pair of gloves (worn)
   (You found it on level 1 of the Dungeon)
 x - the +1 cloak of Kleptomania {rF+ rCorr Dex-5}
   (You found it on level 5 of the Dungeon)

   Dex:       It affects your dexterity (-5).
   rF:        It protects you from fire.
   rCorr:     It protects you from acid and corrosion.
Jewellery
 C - an amulet of magic regeneration
   (You found it on level 6 of the Dungeon)
 O - a +4 ring of protection (left hand)
   (You found it on level 3 of the Dungeon)
Scrolls
 f - 4 scrolls of teleportation {@r4}
 h - 2 scrolls of vulnerability {!r!r}
 j - a scroll of poison {!r}
 k - 7 scrolls of identify {@r1}
Potions
 c - a potion of resistance
 e - a potion of heal wounds {unknown}
 l - 3 potions of mutation {!q}
 m - 3 potions of curing {@q1}
 q - a potion of brilliance
 z - a potion of might
 B - a potion of lignification {!q}

Dungeon Overview and Level Annotations

Branches:
Dungeon (6/15) Zot: 26257
 Temple: D:4-7

Altars:
Trog

#...........##
#............# .
#............## ..
#.......####))#
... #.......# ##[#
.... #.......# #|#
..... #####'###
#.#
.....h#########.#
#.#
.[...oยงoo@o.....#
#.##
#+#..D###########
#..# #.... ##..
#### ##. #. ## ##
#. #.


You could see an orc priest (ally target), a friendly steam dragon (summoned), a
friendly hound (summoned) and 3 friendly orcs.


Message History

You hear a shout! x3 ๐Ÿ˜• HP[-9]
You take 9 damage, and now have 60/73 hp.
The orc throws a boomerang.
The boomerang hits you. ๐Ÿ˜• HP[-3]
You take 3 damage, and now have 57/73 hp.
The orc priest miscasts a cantrip.
The orc hits you but does no damage.
You barely miss the orc.
Your tail-slap misses the orc.
The orc closely misses you.
An orc wizard comes into view.
It is wielding a +2 dagger of speed. ๐Ÿ˜• HP[+1]
The orc wizard shouts!
You slash the orc wizard!
The orc wizard hits you but does no damage.
An orc comes into view. It is wielding a +0 club.
You barely miss the orc wizard. Your bite misses the orc wizard.
The orc wizard hits you but does no damage.
You hit the orc wizard.
You kill the orc wizard!
Trog accepts your kill.
Trog appreciates your killing of a magic user.
You slice the orc!!
You kill the orc!
Trog accepts your kill.
The orc wizard gestures wildly while chanting.
The orc wizard flickers and vanishes!
Deactivating autopickup; reactivate with Ctrl-A. ๐Ÿ˜• HP[+1]
You closely miss the orc.
The orc priest mumbles some strange prayers to Beogh against you.
Beogh smites you! ๐Ÿ˜ฎ HP[-12]
You take 12 damage, and now have 47/73 hp.
You slash the orc!
You kill the orc!
Trog accepts your kill.
The orc priest mumbles some strange prayers to Beogh against you.
Something writhes in agony.
You miss something. Something hits you.
Something hits you but does no damage. ๐Ÿ˜ฎ HP[-1]
You take 1 damage, and now have 46/73 hp.
You completely miss something. Something hits you but does no damage.
You hear some strange, mumbled words.
Something tries to affect you, but you resist. ๐Ÿ˜ฎ HP[+1]
You miss something.
Your tail-slap misses something.
Something hits you but does no damage.
You miss something.
You hear some strange, mumbled words.
A puff of flame appears from out of thin air!
The puff of flame hits you. ๐Ÿ˜ฎ HP[-5]
You take 5 damage, and now have 42/73 hp.
You barely miss something.
Your tail-slap misses something.
Something hits you but does no damage.
The orc priest calls down the wrath of Beogh upon you.
Beogh smites you!
* * * LOW HITPOINT WARNING * * *
Something hits you but does no damage. ๐Ÿ˜จ HP[-11]
You take 11 damage, and now have 31/73 hp.
You miss something. Something hits you but does no damage. Something hits you.
* * * LOW HITPOINT WARNING * * *
The orc priest calls down the wrath of Beogh upon you.
Beogh smites you!
* * * LOW HITPOINT WARNING * * *
The orc priest mumbles some strange prayers to Beogh against you.
Beogh smites you!
* * * LOW HITPOINT WARNING * * *
๐Ÿ˜ฑ HP[-26]
You take 26 damage, and now have 5/73 hp.
MASSIVE DAMAGE!! (PAUSE)
You barely miss something.
Something hits you but does no damage. x2
You slash something! Trog accepts your kill.
Trog appreciates your killing of a magic user.
Reactivating autopickup.
You feel a bit more experienced.
Okay, then.
As you read the scroll of summoning, it crumbles to dust.
Wisps of shadow whirl around you...
The orc priest hits you but does no damage.
The orc priest hits your steam dragon with a +0 hand axe.
The orc priest barely misses your hound. ๐Ÿ˜ฑ HP[+1]
You swap places.
The orc priest hits your orc with a +0 hand axe.
The orc priest hits your steam dragon with a +0 hand axe.
The orc priest completely misses your hound.
Your hound bites the orc priest but does no damage.
Your orc hits the orc priest with a +0 short sword.
Your steam dragon breathes steam at the orc priest.
The ball of steam hits the orc priest!!
The orc priest dies!
Trog accepts your kill.
You swap places.
Your hound bites the orc priest.
The orc priest mumbles some strange prayers to Beogh against you.
Beogh smites you!
You die...

Skill      XL: |  1  2  3  4  5  6  7  8 |
---------------+-------------------------+-----
Dodging        | 3 4 5 6 |  6.2
Fighting       | 4 5 6 7 |  7.4
Axes           | 4 5 6 |  6.8
Evocations     | 2 |  2.7

Action                   |  1- 3 |  4- 6 |  7- 9 || total
-------------------------+-------+-------+-------++-------
Melee: Hand axe          |   127 |   175 |    40 ||   342
       Tailslap          |     7 |    20 |    21 ||    48
       Bite              |       |     5 |    11 ||    16
       Punch             |       |     1 |       ||     1
       Broad axe         |       |       |   114 ||   114
Throw: Stone             |       |     8 |       ||     8
Invok: Berserk           |     1 |     1 |       ||     2
 Abil: Breathe Steam     |       |       |     4 ||     4
  Use: Scroll            |     4 |     4 |     4 ||    12
       Potion            |     1 |     3 |     5 ||     9
 Stab: Sleeping          |     1 |       |       ||     1
Armor: Skin              |    59 |    65 |    80 ||   204
Dodge: Dodged            |    91 |   117 |   118 ||   326

Levels and vault maps discovered:
D:1:      dpeg_arrival_renting, layout_rooms, minmay_small_reverse_x
D:2:      layout_basic, hellmonk_ecumenical_altar_heavens_door,
          serial_bayou_pond_d, uniq_robin
D:3:      layout_basic, uniq_sigmund, uniq_natasha
D:4:      layout_gridville, old_standard_altar
D:5:      layout_gridville
D:6:      layout_basic

Notes
Turn   | Place    | Note
-------+----------+-------------------------------------------
     0 | D:1      | melkoren the Draconian Berserker began the quest for the
                  | Orb.
     0 | D:1      | Reached XP level 1. HP: 19/19 MP: 1/1
     0 | D:1      | magus.rc [v1.11.3]
   261 | D:1      | Reached XP level 2. HP: 26/26 MP: 2/2
   290 | D:1      | Reached skill level 3 in Dodging
   565 | D:1      | Reached XP level 3. HP: 31/33 MP: 3/3
   675 | D:1      | Reached ** piety under Trog
   889 | D:2      | Noticed Robin
   925 | D:2      | Killed Robin
   926 | D:2      | Reached skill level 4 in Fighting
  1167 | D:2      | Reached XP level 4. HP: 36/40 MP: 4/4
  1332 | D:2      | Identified the +2 plate armour of Creativity {rPois rC+}
  1991 | D:2      | Found a faded altar of an unknown god.
  2138 | D:3      | Reached skill level 4 in Axes
  2184 | D:3      | Noticed Sigmund
  2199 | D:3      | Killed Sigmund
  2200 | D:3      | Reached skill level 5 in Fighting
  2200 | D:3      | Reached skill level 4 in Dodging
  2200 | D:3      | Reached XP level 5. HP: 48/48 MP: 5/5
  2277 | D:3      | You add the spells Sting, Poisonous Vapours and Olgreb's
                  | Toxic Radiance to your library.
  2282 | D:3      | Reached XP level 6. HP: 56/56 MP: 6/6
  2501 | D:3      | Noticed Natasha
  2516 | D:3      | Killed Natasha
  2566 | D:3      | Noticed Natasha
  2573 | D:3      | Killed Natasha
  2779 | D:3      | Noticed Natasha
  2789 | D:3      | Killed Natasha
  2794 | D:3      | Gained mutation: You occasionally shout uncontrollably at
                  | your foes. [potion of mutation]
  2794 | D:3      | Gained mutation: You have very sharp teeth. [potion of
                  | mutation]
  2992 | D:4      | Found a bloodstained altar of Trog.
  3031 | D:4      | Reached skill level 5 in Axes
  3214 | D:4      | Found the +18 Lear's hauberk
  3287 | D:4      | Your scales start taking on a pale cyan-grey colour.
  3287 | D:4      | Reached XP level 7. HP: 60/62 MP: 7/7
  3287 | D:4      | Gained mutation: You are immune to the effects of steam.
                  | [Pale Draconian growth]
  3299 | D:4      | You pick up a book of Weapons {forbidden} and begin
                  | reading...
  3299 | D:4      | You add the spells Tukima's Dance, Portal Projectile and
                  | Blade Hands to your library.
  3411 | D:5      | Entered Level 5 of the Dungeon
  3549 | D:5      | Reached *** piety under Trog
  3550 | D:5      | Reached skill level 6 in Fighting
  3550 | D:5      | Reached skill level 5 in Dodging
  3793 | D:5      | Reached skill level 6 in Axes
  4121 | D:5      | You add the spells Gell's Gravitas, Teleport Other and
                  | Dispersal to your library.
  4202 | D:5      | You pick up a book of Cantrips {forbidden} and begin
                  | reading...
  4202 | D:5      | You add the spells Necrotise, Summon Small Mammal and
                  | Apportation to your library.
  4209 | D:5      | You pick up a book of Party Tricks {forbidden} and begin
                  | reading...
  4289 | D:5      | Reached XP level 8. HP: 60/71 MP: 8/8
  4515 | D:5      | Identified the +1 cloak of Kleptomania {rF+ rCorr Dex-5}
  4824 | D:6      | Reached skill level 7 in Fighting
  4824 | D:6      | Reached skill level 1 in Evocations
  5033 | D:6      | Reached skill level 6 in Dodging
  5033 | D:6      | Reached skill level 2 in Evocations
  5282 | D:6      | Identified the +3 quarterstaff of Xoakeic {vamp, Str+2
                  | Dex+4}
  5377 | D:6      | HP: 15/73 [orc priest/divine providence (13)]
  5377 | D:6      | HP: 5/73 [orc priest/divine providence (10)]
  5382 | D:6      | Killed from afar by an orc priest

Vanquished Creatures
  Sigmund (D:3)
  A water moccasin (D:5)
  3 ogres
  A centaur (D:6)
  A bullfrog (D:6)
  3 scorpions
  2 howler monkeys (D:5)
  4 hounds
  2 orc priests (D:6)
  An iguana (D:4)
  Natasha (thrice) (D:3)
  5 orc wizards (D:6)
  Robin (D:2)
  7 gnolls (D:5)
  7 adders
  An ufetubus (D:4)
  A worm (D:5)
  2 dart slugs
  8 orcs (D:6)
  7 ball pythons
  7 bats
  2 endoplasms
  3 giant cockroaches
  23 goblins
  11 hobgoblins
  11 jackals
  4 kobolds
  A quokka (D:2)
  2 frilled lizards
  4 rats
129 creatures vanquished.

Vanquished Creatures (collateral kills)
  An orc priest (D:6)
1 creature vanquished.

Vanquished Creatures (others)
  An orc wizard (D:6)
1 creature vanquished.

Grand Total: 131 creatures vanquished

Table legend:
 A = Non-vault XP
 B = Vault XP
 C = Vault XP percentage of total XP
 D = Non-vault monster count
 E = Vault monster count
 F = Vault count percentage of total count
                 A         B        C        D         E       F
            +---------+---------+-------+---------+---------+-------
      Total |    2002 |     286 |  12.5 |     114 |      17 |  13.0
            +---------+---------+-------+---------+---------+-------
        D:1 |      45 |       5 |  10.0 |      24 |       4 |  14.3
        D:2 |      59 |      32 |  35.2 |      14 |      11 |  44.0
        D:3 |     105 |     249 |  70.3 |      17 |       2 |  10.5
        D:4 |     289 |       0 |   0.0 |      20 |       0 |   0.0
        D:5 |     723 |       0 |   0.0 |      17 |       0 |   0.0
        D:6 |     781 |       0 |   0.0 |      22 |       0 |   0.0
            +---------+---------+-------+---------+---------+-------

Illustrated notes

Table legend:
 A = Kills in this place as a percentage of kills in entire the game.
 B = Kills by you in this place as a percentage of kills by you in the entire game.
 C = Kills by friends in this place as a percentage of kills by friends in the entire game.
 D = Other kills in this place as a percentage of other kills in the entire game.
 E = Experience gained in this place as a percentage of experience gained in the entire game.
 F = Experience gained in this place divided by the number of levels of this place that you have seen.
                   A       B       C       D       E      F
               +-------+-------+-------+-------+-------+----------------------
         Total | 100.0 | 100.0 | 100.0 | 100.0 | 100.0 | 381.3
       Dungeon | 100.0 | 100.0 | 100.0 | 100.0 | 100.0 | 381.3
               +-------+-------+-------+-------+-------+----------------------

Table legend: (Time is in decaauts)
 A = Elapsed time spent in this place.
 B = Non-inter-level travel time spent in this place.
 C = Inter-level travel time spent in this place.
 D = Time resting spent in this place.
 E = Time spent auto-exploring this place.
 F = Levels seen in this place.
 G = Mean time per level.
                   A        B        C        D        E       F      G
               +--------+--------+--------+--------+--------+-----+--------+
         Total |   5468 |   5356 |    112 |   1227 |   3065 |   6 |  911.3 |
       Dungeon |   5468 |   5356 |    112 |   1227 |   3065 |   6 |  911.3 |
               +--------+--------+--------+--------+--------+-----+--------+

Top non-repeatable levels by time:
     D:5: 1261 daAuts
     D:2: 1225 daAuts
     D:1: 870 daAuts
     D:3: 762 daAuts
     D:6: 741 daAuts
     D:4: 606 daAuts
